 Dungeon Crawl Stone Soup version 0.28.0-53-g5a82cb258f (webtiles) character file.

Game seed: 5406803635830727628

5800 Zeld the Zephyrmancer (level 10, -5/50 HPs)
             Began as a Tengu Air Elementalist on May 25, 2022.
             Was an Initiate of Gozag.
             Killed from afar by Harold (17 damage)
             ... with a harpoon shot
             ... on level 7 of the Dungeon.
             The game lasted 00:19:01 (18151 turns).

Zeld the Zephyrmancer (Tengu Air Elementalist)     Turns: 18151, Time: 00:19:01

Health: -5/50      AC:  6    Str:  8    XL:     10   Next: 79%
Magic:  2/24       EV: 15    Int: 26    God:    Gozag
Gold:   502        SH:  0    Dex: 25    Spells: 18/28 levels left

rFire   . . .      SeeInvis .   b - +6 spear of True Grit {vorpal, rPois}
rCold   . . .      Faith    .   (no shield)
rNeg    . . .      Spirit   .   w - +3 leather armour {rPois}
rPois   +          Reflect  .   (helmet restricted)
rElec   .          Harm     .   u - scarf {repulsion}
rCorr   .          Rampage  .   (no gloves)
Will    .....                   (boots unavailable)
Stlth   ++........              (no amulet)
HPRegen 0.16/turn               e - ring of Checkmate {Int+6 Dex+10}
MPRegen 0.19/turn               g - ring of poison resistance

@: marked, flying quickly and evasively, studying 2 skills, repel missiles,
quick
A: beak, talons 3, nimble flight
a: Renounce Religion, Potion Petition, Call Merchant, Bribe Branch


You were on level 7 of the Dungeon.
You worshipped Gozag.
Gozag was pleased with you.
You visited 2 branches of the dungeon, and saw 9 of its levels.
You also visited: Bailey.

You collected 1090 gold pieces.
You spent 481 gold pieces at shops.
You paid 107 gold pieces to Gozag.

Inventory:

Hand Weapons
 b - the +6 spear of True Grit (weapon) {vorpal, rPois}
   (You found it on level 8 of the Dungeon)

   It inflicts extra damage upon your enemies.
   rPois:     It protects you from poison.
Armour
 a - a +0 robe
 u - a scarf of repulsion (worn)
 w - a +3 leather armour of poison resistance (worn)
Jewellery
 e - the ring of Checkmate (left hand) {Int+6 Dex+10}
   (You found it on level 2 of the Dungeon)

   [ring of intelligence]

   Int:       It affects your intelligence (+6).
   Dex:       It affects your dexterity (+10).
 g - a ring of poison resistance (right hand)
Wands
 o - a wand of iceblast (9)
 q - a wand of flame (13)
 v - a wand of digging (14)
Scrolls
 j - 2 scrolls of amnesia
 l - a scroll of fear
 m - a scroll of brand weapon
 p - 4 scrolls of fog
 s - 2 scrolls of blinking
 t - a scroll of teleportation
 y - 3 scrolls of enchant armour
Potions
 c - 2 potions of might {unknown}
 d - a potion of brilliance {unknown}
 f - 3 potions of mutation {unknown}
 h - 6 potions of curing
 i - a potion of cancellation {unknown}
 k - 2 potions of resistance
 n - 3 potions of attraction {unknown}
 r - a potion of lignification {unknown}
 x - a potion of berserk rage
 z - 2 potions of invisibility


   Skills:
 - Level 2.1 Dodging
 - Level 2.0 Stealth
 * Level 9.5 Spellcasting
 + Level 9.3 Conjurations
 * Level 13.5 Air Magic


You had 18 spell levels left.
You knew the following spells:

 Your Spells              Type           Power      Damage    Failure   Level
a - Shock                 Conj/Air       100%       1d9       1%          1
b - Static Discharge      Conj/Air       64%        N/A       1%          2
c - Swiftness             Air            70%        N/A       1%          3
d - Airstrike             Air            35%        N/A       1%          4

Your spell library contained the following spells:

 Spells                   Type           Power      Damage    Failure   Level
 Stone Arrow              Conj/Erth      72%        3d11      3%          3
 Freeze                   Ice            48%        1d7       7%          1
 Blink                    Tloc           24%        N/A       11%         2
 Hailstorm                Conj/Ice       36%        3d9       11%         4
 Frozen Ramparts          Ice            24%        1d4       22%         3
 Lesser Beckoning         Tloc           12%        N/A       22%         3
 Tukima's Dance           Hex            12%        N/A       22%         3
 Anguish                  Hex/Necr       6%         N/A       56%         4
 Animate Armour           Summ/Erth      24%        N/A       56%         4
 Manifold Assault         Tloc           12%        N/A       89%         5
 Summon Forest            Summ/Tloc      6%         N/A       89%         5
 Eringya's Noxious Bog    Tmut/Pois      6%         N/A       100%        6
 Enfeeble                 Hex            6%         N/A       100%        7
 Summon Hydra             Summ           6%         N/A       100%        7
 Lehudib's Crystal Spear  Conj/Erth      18%        10d5      100%        8


Dungeon Overview and Level Annotations

Branches:
Dungeon (8/15)             Temple (1/1) D:5          Bailey (visited)
   Lair: D:8-11

Altars:
Ashenzari
Cheibriados
Dithmenos
Elyvilon
Fedhas
Gozag
Hepliaklqana
Kikubaaqudgha
Makhleb
Nemelex Xobeh
Okawaru
Qazlal
Ru
Sif Muna
Trog
Uskayaw
Vehumet
Wu Jian
Xom
Yredelemnul
Zin
The Shining One

Shops:
D:5 (   D:7 !

Annotations:
D:5 2 transporters
D:7 Harold
D:8 Grum


Innate Abilities, Weirdness & Mutations

You have a beak for a mouth.
You have claws for feet.
Your magical nature lets you fly swiftly and evasively.


Message History

The air twists around and strikes Harold!
Harold is heavily wounded.
Harold hits you with a +2 scimitar of holy wrath!
Casting: Airstrike (safe; 1% risk of failure)
Confirm with . or Enter, or press ? or * to list all spells.
Aiming: Airstrike (safe; 1% risk of failure)
Press: ? - help, Dir - move target, f/p - Harold
Aim: Harold, wielding a +2 scimitar of holy wrath and wearing a +0 scale mail (heavily wounded, empty space bonus: 4/8)
The air twists around and strikes Harold!
Harold is severely wounded.
Harold hits you with a +2 scimitar of holy wrath!!
* * * LOW HITPOINT WARNING * * *
Casting: Airstrike (safe; 1% risk of failure)
Confirm with . or Enter, or press ? or * to list all spells.
Aiming: Airstrike (safe; 1% risk of failure)
Press: ? - help, Dir - move target, f/p - Harold
Aim: Harold, wielding a +2 scimitar of holy wrath and wearing a +0 scale mail (severely wounded, empty space bonus: 4/8)
The air twists around and strikes Harold!
Harold is almost dead.
Harold points at you and mumbles some strange words.
A sentinel's mark forms upon you. Harold fires a harpoon shot at you.
The harpoon shot misses you. Harold fires a harpoon shot at you.
The harpoon shot hits you but does no damage.
Harold says, "I was hoping my final job would be more of a challenge, but money is money."
Casting: Airstrike (safe; 1% risk of failure)
Confirm with . or Enter, or press ? or * to list all spells.
Aiming: Airstrike (safe; 1% risk of failure)
Press: ? - help, Dir - move target, f/p - Harold
Aim: Harold, wielding a +2 scimitar of holy wrath and wearing a +0 scale mail (almost dead, empty space bonus: 5/8)
The air twists around and strikes Harold!
Harold is almost dead.
Unknown command.
Harold gestures at you while chanting. The mark upon you grows brighter.
Harold fires a harpoon shot at you. The harpoon shot hits you!
You die...
Your body crumbles into a pile of gold.

####.......# #. .........(.# #.
###.#......# #. # #.#.#...## ## #
#<#.#.### ## # #.#.#.# #. #
#.#.#.####### #.
###.#.........##################.
.##.###.....#...@....@......>....
)...# #####.######..........)##.#
.#### #.# ####.#########.##.# ##
#.# #....# #....##.# # #.# #.####
#K##.##.# ######## #.# #.#
#.##....# .......# #.# #.#
#.##.##.# ######.# #.# #.#
#.##.##.# #.# #.# #.# #.##.##.#


You could see Harold.

Vanquished Creatures
  A hydra (D:6)
  Pikel (D:7)
  Maurice (D:8)
  Joseph (D:7)
  Edmund (D:7)
  A water moccasin (D:6)
  A hornet zombie (D:7)
  A black bear (D:5)
  An ogre (D:6)
  9 orc warriors
  2 necrophages
  11 centaurs
  A phantom (D:4)
  A kobold brigand (D:7)
  A bullfrog (D:8)
  3 scorpions
  A wyvern zombie (D:7)
  A gnoll sergeant (D:6)
  6 killer bees (D:4)
  5 wights (D:6)
  A bullfrog zombie (D:5)
  A centaur zombie (D:5)
  2 orc priests (D:5)
  3 hounds
  A jelly (D:5)
  4 iguanas
  Terence (D:3)
  3 orc wizards
  A killer bee zombie (D:6)
  A howler monkey skeleton (D:5)
  7 adders
  9 gnolls
  A white imp (D:7)
  An ufetubus (D:3)
  6 dart slugs
  33 orcs
  5 bats
  7 endoplasms
  2 giant cockroaches (D:1)
  4 goblins
  5 hobgoblins
  4 jackals (D:2)
  3 quokkas
  5 ball pythons
  3 frilled lizards
  10 kobolds
  7 rats
180 creatures vanquished.

Vanquished Creatures (others)
  2 plants (D:7)
2 creatures vanquished.

Grand Total: 182 creatures vanquished

Notes
Turn   | Place    | Note
-------+----------+-------------------------------------------
     0 | D:1      | Zeld the Tengu Air Elementalist began the quest for the
                  | Orb.
     0 | D:1      | Reached XP level 1. HP: 10/10 MP: 4/4
   410 | D:1      | Reached XP level 2. HP: 15/15 MP: 1/6
   560 | D:1      | Learned a level 2 spell: Static Discharge
  1069 | D:1      | Reached XP level 3. HP: 19/19 MP: 4/7
  1073 | D:1      | Learned a level 3 spell: Swiftness
  1246 | D:1      | Found a faded altar of an unknown god.
  1540 | D:2      | Noticed Terence
  1856 | D:2      | Identified the ring of Checkmate {Int+6 Dex+10}
  2110 | D:2      | Reached skill level 5 in Air Magic
  2322 | D:2      | Reached XP level 4. HP: 22/24 MP: 9/9
  2925 | D:3      | Gained mutation: Your magical nature lets you fly swiftly
                  | and evasively. [Tengu growth]
  2925 | D:3      | Reached XP level 5. HP: 28/28 MP: 5/11
  2931 | D:3      | Learned a level 4 spell: Airstrike
  3051 | D:3      | Killed Terence
  4019 | D:4      | Reached skill level 6 in Air Magic
  4019 | D:4      | Reached XP level 6. HP: 32/32 MP: 6/12
  4342 | D:4      | Noticed an orc warrior
  4674 | D:4      | Noticed a necrophage
  4687 | D:4      | Killed a necrophage
  4937 | D:4      | Reached skill level 7 in Air Magic
  4937 | D:4      | Reached XP level 7. HP: 36/36 MP: 11/14
  4945 | D:4      | Reached skill level 5 in Spellcasting
  6439 | D:5      | Entered Level 5 of the Dungeon
  6466 | D:4      | Reached skill level 8 in Air Magic
  6795 | D:5      | Reached skill level 5 in Conjurations
  6999 | D:5      | Found Gezalaag's Weapon Emporium.
  7016 | D:5      | Reached XP level 8. HP: 41/41 MP: 4/17
  7419 | D:5      | Found a transporter.
  7515 | D:5      | Found a transporter.
  7888 | D:5      | Found a staircase to the Ecumenical Temple.
  7894 | Temple   | Entered the Ecumenical Temple
  8235 | Temple   | Became a worshipper of Gozag Ym Sagoz the Greedy
  8535 | D:6      | Noticed a six-headed hydra
  8747 | D:6      | Reached skill level 9 in Air Magic
  9825 | D:6      | Found the +1 Delatra's gloves {ID++}
  9957 | D:6      | Reached skill level 10 in Air Magic
  9957 | D:6      | Reached XP level 9. HP: 44/45 MP: 7/20
 10044 | D:6      | Found a burning altar of Makhleb.
 11029 | D:7      | Found a shimmering altar of Xom.
 11210 | D:7      | Noticed Joseph
 11372 | D:6      | Killed a six-headed hydra
 11373 | D:6      | Reached skill level 11 in Air Magic
 11659 | D:7      | Noticed Harold
 12293 | D:7      | Noticed Edmund
 12307 | D:7      | Found Gykeikk's Distillery.
 12352 | D:7      | Killed Edmund
 12672 | D:7      | Killed Joseph
 12673 | D:7      | Reached XP level 10. HP: 36/50 MP: 6/23
 12811 | D:7      | Bought a potion of berserk rage for 65 gold pieces
 12811 | D:7      | Bought a potion of invisibility for 104 gold pieces
 12811 | D:7      | Bought 2 potions of curing for 78 gold pieces
 12811 | D:7      | Bought a potion of invisibility for 104 gold pieces
 12811 | D:7      | Bought a potion of resistance for 130 gold pieces
 13588 | D:8      | Noticed Maurice
 13610 | D:8      | Noticed Pikel
 13614 | D:8      | Reached skill level 12 in Air Magic
 14045 | D:8      | Killed Maurice
 14134 | D:8      | Noticed a two-headed ogre
 14147 | D:8      | Noticed Grum
 14152 | D:8      | Found a flagged portal.
 14158 | D:8      | Identified the +6 spear of True Grit {vorpal, rPois}
 14162 | Bailey   | Entered a bailey
 15556 | Bailey   | Reached skill level 13 in Air Magic
 17639 | D:7      | Killed Pikel
 18151 | D:7      | Killed from afar by Harold

Illustrated notes

Levels and vault maps discovered:
D:1:      psy_arrival_statuary, layout_loops_ring,
          hellmonk_ecumenical_altar_zigzags
D:2:      layout_basic, chequers_serial_rivers_small_b, uniq_terence
D:3:      layout_loops_ring, grunt_decor_arrowhead
D:4:      layout_loops_ring, minmay_manual_mess
D:5:      layout_cave_pools, minmay_temple_entry_fiery, serial_shops,
          nicolae_shop_competitors_out_of_business,
          gammafunk_ghost_abyssal_escape
D:6:      layout_loops_ring, makhleb_heckhound_becter
D:7:      layout_loops_ring, lemuel_doored_altar, serial_shops,
          nicolae_shop_stone, hex_tiny, sigmund_edmund_badplayer, uniq_joseph,
          uniq_harold
D:8:      layout_cave_pools, enter_bailey_2, minmay_shop_damaged, st_stairs_3,
          uniq_maurice, uniq_grum, uniq_pikel
Temple:   mainiacjoe_temple_cubbyholes

Skill      XL: |  1  2  3  4  5  6  7  8  9 10 |
---------------+-------------------------------+-----
Conjurations   | 2 3 4 5 6 8 9 |  9.3
Air Magic      | 5 6 7 8 10 11 13 | 13.5
Spellcasting   | 3 4 5 6 8 9 |  9.5
Dodging        | |  2.1
Stealth        | |  2.0

Action                   |  1- 3 |  4- 6 |  7- 9 | 10-12 || total
-------------------------+-------+-------+-------+-------++-------
Melee: Unarmed           |    16 |    16 |     8 |     8 ||    48
       Kick              |     6 |     5 |     4 |     2 ||    17
       Peck              |     3 |     5 |     2 |     1 ||    11
       Punch             |       |     1 |       |       ||     1
       Spear             |       |       |       |    12 ||    12
 Cast: Shock             |    25 |    17 |    40 |     5 ||    87
       Static Discharge  |    24 |    26 |     4 |       ||    54
       Airstrike         |       |     9 |   126 |   112 ||   247
       Swiftness         |       |     1 |       |     3 ||     4
  Use: Scroll            |       |       |       |     6 ||     6
 Stab: Sleeping          |     4 |       |       |       ||     4
Armor: Robe              |     6 |     4 |     2 |       ||    12
       Leather armour    |       |       |       |    11 ||    11
Dodge: Dodged            |    26 |    29 |    52 |    61 ||   168
